 Dungeon Crawl Stone Soup version 0.18.1-1-g2f07953 (webtiles) character file.

195 Aleksandr27reg the Skirmisher (level 6, -1/43 HPs)
             Began as a Halfling Berserker on Aug 17, 2016.
             Was a Believer of Trog.
             Slain by a worker ant (3 damage)
             ... on level 4 of the Dungeon on Aug 18, 2016.
             The game lasted 00:23:07 (2649 turns).

Aleksandr27reg the Skirmisher (Halfling Berserker)  Turns: 2649, Time: 00:23:07

Health: -1/43      AC: 13    Str: 17    XL:     6   Next: 4%
Magic:  6/6        EV:  9    Int:  6    God:    Trog [**....]
Gold:   125        SH:  5    Dex: 16    Spells: 0 memorised, 5 levels left

rFire  . . .     SeeInvis +     u - -2 mace (curse)
rCold  . . .     Gourm    .     m - +1 plate armour
rNeg   . . .     Faith    .     e - +0 buckler
rPois  .         Spirit   .     i - +0 hat
rElec  .         Dismiss  .     (no cloak)
rCorr  .         Reflect  .     (no gloves)
SustAt .         Harm     .     j - +0 pair of boots
MR     ++...                    (no amulet)
Stlth  ..........               t - ring of see invisible (curse)
                                o - +2 ring of evasion

@: lethally poisoned (-1 -> -1), regenerating, very resistant to hostile
enchantments, extremely unstealthy
A: mutation resistance 1
a: Berserk, Trog's Hand, Burn Spellbooks, Renounce Religion


You were on level 4 of the Dungeon.
You worshipped Trog.
Trog was pleased with you.
You were not hungry.

You visited 1 branch of the dungeon, and saw 4 of its levels.

You collected 125 gold pieces.

Inventory:

Hand Weapons
 a - a +0 hand axe
 u - a cursed -2 mace (weapon)
Armour
 e - a +0 buckler (worn)
 i - a +0 hat (worn)
 j - a +0 pair of boots (worn)
 m - a +1 plate armour (worn)
Jewellery
 o - a +2 ring of evasion (left hand)
 t - a cursed ring of see invisible (right hand)
Scrolls
 d - 3 scrolls of identify
 f - a scroll of blinking
 g - a scroll of teleportation
Potions
 b - a potion of mutation {unknown}
 h - 3 potions of curing {unknown}
 k - a potion of agility {unknown}
 l - 3 potions of invisibility {unknown}
 r - 2 potions of haste {unknown}
 s - a potion of brilliance {unknown}
Comestibles
 p - a slice of pizza
 q - 2 bread rations


   Skills:
 + Level 3.8 Fighting
 + Level 3.7 Axes
 + Level 3.3 Armour
 + Level 2.9 Dodging
 + Level 1.2 Stealth
 + Level 0.9 Shields


You had 5 spell levels left.
You didn't know any spells.

Dungeon Overview and Level Annotations

Branches:
Dungeon (4/15)
 Temple: D:4-7

Altars:
Ashenzari
Okawaru
Xom
Zin
The Shining One


Innate Abilities, Weirdness & Mutations

You are small and have problems with some larger weapons.
You are somewhat resistant to further mutation.


Message History

The worker ant is heavily wounded.
You feel sick.
The worker ant bites you but does no damage.
You block the worker ant's attack.
You hit the worker ant but do no damage.
The worker ant is heavily wounded.
You feel sick. The worker ant closely misses you. x2
You hit the worker ant.
The worker ant is severely wounded.
The worker ant bites you but does no damage.
You hit the worker ant.
The worker ant is severely wounded.
You feel sick. The worker ant bites you.
* * * LOW HITPOINT WARNING * * *
You are more poisoned.
The worker ant poisons you! You block the worker ant's attack.
Your skin crawls.
You feel resistant to hostile enchantments.
You feel slightly more hungry.
You feel sick. The worker ant bites you.
You die...

#.........#
#.........#
#.........#
#........)#
#.[.......#
#.........#
...#.####.###
.. #. #a# . #
#@# #.#####
#.....#
#####.# #.#
#.# #[# #.#
#.#


You could see a worker ant.

Vanquished Creatures
  A hound (D:4)
  A centaur skeleton (D:4)
  Jessica (D:3)
  A worker ant (D:4)
  3 adders
  3 worms
  A dart slug (D:2)
  A giant gecko (D:2)
  5 orcs (D:4)
  A giant cockroach (D:1)
  4 goblins
  3 hobgoblins
  2 jackals (D:3)
  4 kobolds
  7 bats
  3 giant newts
  7 rats
48 creatures vanquished.

Notes
Turn   | Place    | Note
--------------------------------------------------------------
     0 | D:1      | Aleksandr27reg the Halfling Berserker began the quest for the Orb.
     0 | D:1      | Reached XP level 1. HP: 15/15 MP: 1/1
   340 | D:1      | Reached XP level 2. HP: 12/20 MP: 2/2
  1022 | D:2      | Reached XP level 3. HP: 25/26 MP: 3/3
  1500 | D:3      | Reached XP level 4. HP: 24/31 MP: 4/4
  1621 | D:3      | Reached ** piety under Trog
  1728 | D:3      | Noticed Jessica
  1740 | D:3      | Killed Jessica
  1834 | D:3      | Found a shimmering altar of Xom.
  1835 | D:3      | Noticed an angel
  1836 | D:3      | Found a glowing silver altar of Zin.
  1920 | D:3      | Reached XP level 5. HP: 36/36 MP: 5/5
  2093 | D:3      | Found a glowing golden altar of the Shining One.
  2345 | D:4      | Reached skill level 1 in Stealth
  2378 | D:4      | Found a shattered altar of Ashenzari.
  2450 | D:4      | Found an iron altar of Okawaru.
  2642 | D:4      | Reached XP level 6. HP: 14/43 MP: 6/6
  2648 | D:4      | HP: 2/43 [worker ant (5)]
  2649 | D:4      | Slain by a worker ant

Skill      XL: |  1  2  3  4  5 |
---------------+----------------+-----
Axes           | 3 |  3.7
Fighting       | 3 |  3.8
Stealth        | 1 |  1.2
Armour         | 3 |  3.3
Dodging        | |  2.9
Shields        | |  0.9

Action                   |  1- 3 |  4- 6 || total
-------------------------+-------+-------++-------
Melee: Hand axe          |   128 |    83 ||   211
       Mace              |       |    82 ||    82
Invok: Trog's Hand       |       |     1 ||     1
  Use: Scroll            |       |     6 ||     6
  Eat: Chunk             |     2 |       ||     2
       Bread ration      |       |     1 ||     1
Armor: Leather armour    |    12 |       ||    12
       Ring mail         |     9 |       ||     9
       Plate armour      |    59 |   102 ||   161
Dodge: Dodged            |   102 |    90 ||   192
Block: Buckler           |    25 |    42 ||    67
